 Dungeon Crawl Stone Soup version 0.29-a0-469-gd254ca66d9 (webtiles) character file.

Game seed: 13382246620770374192

10004 Bruhh the Spear-Bearer (level 11, -4/132 HPs)
             Began as an Ogre Cinder Acolyte on May 22, 2022.
             Was a Believer of Ignis.
             Slain by Amaemon
             ... wielding a +2 demon whip of venom
              (5 damage)
             ... on level 1 of the Lair of Beasts.
             The game lasted 00:20:25 (13862 turns).

Bruhh the Spear-Bearer (Ogre Cinder Acolyte)       Turns: 13862, Time: 00:20:25

Health: -4/132     AC:  7    Str: 20    XL:     11   Next: 55%
Magic:  20/20      EV:  9    Int: 19    God:    Ignis [**....]
Gold:   907        SH:  0    Dex:  4    Spells: 20/22 levels left

rFire   + . .      SeeInvis .   o - +4 bardiche (freeze)
rCold   . . .      Faith    .   (shield currently unavailable)
rNeg    . . .      Spirit   .   E - +0 acid dragon scales
rPois   .          Reflect  .   (helmet restricted)
rElec   .          Harm     .   (no cloak)
rCorr   +          Rampage  .   (gloves unavailable)
Will    ++...      Rage     1%  (boots unavailable)
Stlth   ..........              C - amulet of the acrobat
HPRegen 0.32/turn               l - ring of willpower
MPRegen 0.17/turn               (no ring)

@: lethally poisoned (-4 -> -18), slowed, very slow
A: large, unfitting armour, tough skin 1, berserk 1, robust 1, evolution 2
a: Renounce Religion, Fiery Armour, Foxfire Swarm, Rising Flame


You were on level 1 of the Lair of Beasts.
You worshipped Ignis.
Ignis was pleased with you.
You visited 2 branches of the dungeon, and saw 9 of its levels.
You also visited: Ossuary and Bailey.

You collected 907 gold pieces.

Inventory:

Hand Weapons
 d - a +0 hand axe
 o - a +4 bardiche of freezing (weapon)
 F - a +3 trident of venom
 G - the +7 mace of Variability {chain chaos}
   (You took it off an orc priest on level 7 of the Dungeon)

   Each time it hits an enemy it has a different, random effect.
   It occasionally unleashes arcs of chaos on nearby creatures upon striking a
   foe.
Missiles
 y - 2 throwing nets
Armour
 b - a +0 robe
 A - +0 steam dragon scales
 E - +0 acid dragon scales (worn)
Jewellery
 c - an amulet of guardian spirit
 l - a ring of willpower (left hand)
 r - the ring "Becerph" {rPois Str+6}
   (You acquired it in a bailey)

   [ring of strength]

   Str:       It affects your strength (+6).
   rPois:     It protects you from poison.
 s - an amulet of regeneration
 w - a ring of willpower
 z - a ring of protection from fire
 B - a ring of positive energy
 C - an amulet of the acrobat (around neck)
Wands
 i - a wand of iceblast (5)
 n - a wand of digging (1)
 p - a wand of acid (3)
Scrolls
 a - a scroll of enchant armour
 j - 5 scrolls of teleportation
 k - 2 scrolls of noise
 q - a scroll of fear
 D - a scroll of blinking
 I - a scroll of identify
Potions
 e - 5 potions of curing
 f - a potion of attraction {unknown}
 g - a potion of brilliance {unknown}
 h - 3 potions of degeneration
 m - 4 potions of cancellation
 t - a potion of mutation
 u - a potion of experience {unknown}
 v - 2 potions of flight {unknown}
 x - a potion of magic {unknown}
 H - a potion of invisibility {unknown}


   Skills:
 - Level 11.0 Fighting
 - Level 14.0 Polearms
 + Level 4.8 Dodging
 - Level 6.0 Spellcasting
 - Level 4.0 Fire Magic


You had 20 spell levels left.
You knew the following spells:

 Your Spells              Type           Power      Damage    Failure   Level
a - Scorch                Fire           40%        2d7       4%          2

Your spell library contained the following spells:

 Spells                   Type           Power      Damage    Failure   Level
 Apportation              Tloc           10%        N/A       14%         1
 Beastly Appendage        Tmut           10%        N/A       14%         1
 Necrotize                Necr           20%        1d5       14%         1
 Sandblast                Erth           10%        2d5       14%         1
 Summon Small Mammal      Summ           20%        N/A       14%         1
 Passwall                 Tmut/Erth      4%         N/A       22%         2
 Sublimation of Blood     Necr           5%         N/A       22%         2
 Wereblood                Tmut           5%         N/A       22%         2
 Call Canine Familiar     Summ           5%         N/A       41%         3
 Dazzling Flash           Conj/Hex       10%        N/A       41%         3
 Gell's Gravitas          Tloc           5%         N/A       41%         3
 Lesser Beckoning         Tloc           5%         N/A       41%         3
 Spider Form              Tmut/Pois      5%         N/A       41%         3
 Stone Arrow              Conj/Erth      10%        3d7       41%         3
 Summon Guardian Golem    Hex/Summ       5%         N/A       41%         3
 Teleport Other           Tloc           5%         N/A       41%         3
 Iskenderun's Mystic Bla  Conj/Tloc      5%         2d3       82%         4
 Starburst                Conj/Fire      6%         6d4       100%        6
 Summon Hydra             Summ           2%         N/A       100%        7


Dungeon Overview and Level Annotations

Branches:
Dungeon (8/15)             Temple (0/1) D:6            Lair (1/6) D:8
Ossuary (visited)          Bailey (visited)

Altars:
Dithmenos
Okawaru
Uskayaw

Shops:
D:7 (

Annotations:
D:3 Sigmund
Lair:1 Amaemon


Innate Abilities, Weirdness & Mutations

You are too large for most types of armour.
You have tough skin. (AC +1)
You tend to lose your temper in combat.
You are robust. (+10% HP)
You have great hidden genetic potential.


Message History

You feel very sick. The orange demon barely misses you.
Amaemon hits you with a +2 demon whip of venom!
You are more poisoned.
Amaemon barely misses you.
Amaemon tail-slaps you but does no damage.
The cane toad closely misses you.
You slash Amaemon! You freeze Amaemon.
Amaemon is heavily wounded.
You feel extremely sick. The cane toad stings you. The scorpion stings you.
The scorpion stings you but does no damage.
The orange demon stings you from afar.
* * * LOW HITPOINT WARNING * * *
You are lethally poisoned!
You have difficulty breathing.
* * * LOW HITPOINT WARNING * * *
You feel yourself slow down. The scorpion stings you.
* * * LOW HITPOINT WARNING * * *
Amaemon shouts, "You think you're better than me?"
Amaemon hits you but does no damage.
You are more poisoned.
Amaemon claws you.
* * * LOW HITPOINT WARNING * * *
Amaemon tail-slaps you but does no damage.
The cane toad stings you!!
* * * LOW HITPOINT WARNING * * *
You are more poisoned.
The cane toad poisons you! The scorpion barely misses you.
The scorpion stings you.
* * * LOW HITPOINT WARNING * * *
You feel better. The scorpion completely misses you.
The orange demon stings you from afar.
* * * LOW HITPOINT WARNING * * *
You are lethally poisoned!
You have difficulty breathing.
* * * LOW HITPOINT WARNING * * *
You feel as though you will be slow longer.
Amaemon hits you with a +2 demon whip of venom.
You die...

..........#
..........# #
..........# #
..........#
..........#
.......4..# ###.
......s6..# ....
......F@s.# ....
#..#..s...# ....
..........# ....
...######.#
.....#####.#######.#
...................#
.###..........####.##
..P##.........####.P#
...................##


You could see Amaemon, an orange demon (curare), a cane toad and 3 scorpions.

Vanquished Creatures
  A hydra (Lair:1)
  2 two-headed ogres (D:7)
  2 orc knights (Bailey)
  A cane toad (Lair:1)
  Maggie (D:6)
  A komodo dragon (Lair:1)
  2 trolls (D:7)
  4 blink frogs
  A yak (D:8)
  2 wyverns (D:7)
  A wraith (Ossuary)
  2 steam dragons
  An acid dragon (D:7)
  4 water moccasins
  7 orc warriors
  A sky beast (D:6)
  2 black bears (D:6)
  An ice beast (D:6)
  2 ogres
  3 centaurs
  2 phantoms
  2 kobold brigands
  7 bullfrogs
  4 necrophages (D:7)
  A gnoll sergeant (D:6)
  3 scorpions
  4 wights (D:6)
  5 killer bees
  A hound (D:4)
  2 jellies (D:6)
  6 orc priests
  A gnoll shaman (D:4)
  Jessica (D:3)
  4 iguanas
  10 orc wizards
  A mummy (Ossuary)
  12 gnolls
  6 adders
  2 white imps
  30 orcs
  10 ball pythons
  8 endoplasms
  5 giant cockroaches
  19 goblins
  16 hobgoblins
  8 jackals
  5 quokkas
  9 bats
  2 frilled lizards
  6 gnoll skeletons (Ossuary)
  13 kobolds
  8 kobold skeletons (Ossuary)
  11 orc skeletons (Ossuary)
  5 rats
270 creatures vanquished.

Vanquished Creatures (others)
  79 foxfires
  42 fungi (D:8)
  49 plants
170 creatures vanquished.

Grand Total: 440 creatures vanquished

Notes
Turn   | Place    | Note
-------+----------+-------------------------------------------
     0 | D:1      | Bruhh the Ogre Cinder Acolyte began the quest for the Orb.
     0 | D:1      | Reached XP level 1. HP: 24/24 MP: 2/2
    96 | D:1      | Reached XP level 2. HP: 32/32 MP: 4/4
   145 | D:1      | Learned a level 2 spell: Scorch
   344 | D:1      | Found a faded altar of an unknown god.
   587 | D:1      | Reached XP level 3. HP: 36/39 MP: 6/6
  1422 | D:2      | Reached XP level 4. HP: 48/48 MP: 5/8
  2049 | D:3      | Noticed Jessica
  2054 | D:3      | Killed Jessica
  2147 | D:3      | Reached XP level 5. HP: 54/54 MP: 7/10
  2431 | D:3      | Noticed Sigmund
  2575 | D:4      | Found a sand-covered staircase.
  2581 | Ossuary  | Entered an ossuary
  2581 | Ossuary  | Noticed a wraith
  2581 | Ossuary  | Noticed a wraith
  2581 | Ossuary  | Noticed a wraith
  2781 | Ossuary  | Noticed a wraith
  2803 | Ossuary  | Killed a wraith
  2804 | Ossuary  | Reached skill level 5 in Spellcasting
  2804 | Ossuary  | Reached XP level 6. HP: 28/62 MP: 0/14
  3069 | D:4      | Found a large runed translucent door.
  3070 | D:4      | Found a large runed translucent door.
  3242 | D:4      | Reached skill level 5 in Fighting
  3733 | D:4      | Reached XP level 7. HP: 64/72 MP: 1/16
  4297 | D:4      | Identified the +4 plate armour "Zist" {SInv}
  4505 | D:4      | Found an iron altar of Okawaru.
  4524 | D:4      | Found a hide-covered altar of Uskayaw.
  4569 | D:5      | Entered Level 5 of the Dungeon
  5045 | D:5      | Gained mutation: You have sharp toenails. [potion of
                  | mutation]
  5045 | D:5      | Gained mutation: You are covered in fur. (AC +1) [potion of
                  | mutation]
  5045 | D:5      | Gained mutation: You have a somewhat thin skeletal
                  | structure. (Dex +2, Stealth+) [potion of mutation]
  5045 | D:5      | Gained mutation: You have a pair of small horns on your
                  | head. [potion of mutation]
  5059 | D:5      | Reached XP level 8. HP: 80/91 MP: 6/17
  5664 | D:6      | Noticed Maggie
  5682 | D:6      | Killed Maggie
  5683 | D:6      | Reached skill level 10 in Fighting
  6039 | D:6      | Reached skill level 4 in Polearms
  6433 | D:6      | Reached skill level 5 in Polearms
  6445 | D:6      | Reached XP level 9. HP: 60/102 MP: 1/18
  6452 | D:6      | Reached skill level 6 in Polearms
  6829 | D:6      | Found a staircase to the Ecumenical Temple.
  7062 | D:6      | Reached skill level 7 in Polearms
  7346 | D:6      | Reached skill level 8 in Polearms
  7896 | D:7      | Reached skill level 9 in Polearms
  8370 | D:7      | Noticed a two-headed ogre
  8370 | D:7      | Noticed a two-headed ogre
  8370 | D:7      | Noticed a troll
  8483 | D:7      | Noticed a troll
  8494 | D:7      | Killed a troll
  8495 | D:7      | Reached skill level 10 in Polearms
  8495 | D:7      | Reached XP level 10. HP: 66/113 MP: 16/19
  8820 | D:7      | Killed a two-headed ogre
  8821 | D:7      | Reached skill level 11 in Polearms
  9409 | D:7      | Lost mutation: You have a pair of small horns on your head.
                  | [potion of mutation]
  9409 | D:7      | Lost mutation: You have sharp toenails. [potion of
                  | mutation]
  9409 | D:7      | Gained mutation: You do not regenerate when monsters are
                  | visible. [potion of mutation]
  9409 | D:7      | Lost mutation: You are covered in fur. (AC +1) [potion of
                  | mutation]
  9409 | D:7      | Gained mutation: Your system is resistant to poisons.
                  | (rPois) [potion of mutation]
  9410 | D:7      | Lost mutation: You do not regenerate when monsters are
                  | visible. [potion of mutation]
  9410 | D:7      | Lost mutation: You have a somewhat thin skeletal structure.
                  | (Dex +2, Stealth+) [potion of mutation]
  9410 | D:7      | Lost mutation: Your system is resistant to poisons. (rPois)
                  | [potion of mutation]
  9410 | D:7      | Gained mutation: Your body sometimes deteriorates upon
                  | taking damage. [potion of mutation]
  9410 | D:7      | Gained mutation: Your skin changes colour to match your
                  | surroundings (Stealth+). [potion of mutation]
  9411 | D:7      | Lost mutation: Your skin changes colour to match your
                  | surroundings (Stealth+). [potion of mutation]
  9411 | D:7      | Lost mutation: Your body sometimes deteriorates upon taking
                  | damage. [potion of mutation]
  9411 | D:7      | Gained mutation: You have hidden genetic potential. [potion
                  | of mutation]
  9411 | D:7      | Gained mutation: You tend to lose your temper in combat.
                  | [potion of mutation]
  9411 | D:7      | Gained mutation: You have great hidden genetic potential.
                  | [potion of mutation]
  9440 | D:7      | Found Vocvined's Antique Weapon Emporium.
  9514 | D:7      | Killed a two-headed ogre
  9515 | D:7      | Reached skill level 12 in Polearms
 10028 | D:8      | Found a flagged portal.
 10042 | Bailey   | Entered a bailey
 10439 | Bailey   | Reached skill level 13 in Polearms
 10939 | Bailey   | Noticed an orc knight
 10965 | Bailey   | HP: 2/113 [orc warrior/+0 war axe (12)]
 10981 | Bailey   | Killed an orc knight
 10982 | Bailey   | Reached XP level 11. HP: 5/120 MP: 18/20
 11628 | Bailey   | Noticed an orc knight
 11645 | Bailey   | Killed an orc knight
 11650 | Bailey   | Noticed an orc warlord
 11655 | Bailey   | Noticed an orc knight
 11709 | Bailey   | Identified 2 scrolls of acquirement
 11709 | Bailey   | Acquired the ring "Becerph" {rPois Str+6}
 12003 | D:8      | Acquired a +3 bardiche of protection
 12068 | D:8      | Found a staircase to the Lair.
 12247 | D:8      | Found a shadowy altar of Dithmenos.
 12512 | D:8      | Reached skill level 14 in Polearms
 12532 | Lair:1   | Entered Level 1 of the Lair of Beasts
 12545 | D:8      | Reached skill level 1 in Dodging
 12564 | D:8      | Gained mutation: You are robust. (+10% HP) [hidden
                  | potential]
 12883 | Lair:1   | Noticed a five-headed hydra
 13023 | Lair:1   | Killed a seven-headed hydra
 13851 | Lair:1   | Noticed Amaemon
 13861 | Lair:1   | HP: 5/132 [cane toad (20)]
 13861 | Lair:1   | HP: 1/132 [scorpion[Amaemon] (4)]
 13862 | Lair:1   | Slain by Amaemon

Illustrated notes

Levels and vault maps discovered:
D:1:      minmay_arrival_five_plusses, layout_basic,
          chequers_ecumenical_altar_simple_redux, serial_bayou_pond_b,
          minmay_pentomino_s2
D:2:      minmay_alternating_diamond, layout_basic
D:3:      layout_basic, corexii_corridor_pit, uniq_sigmund, uniq_jessica
D:4:      minmay_polygon_palace, layout_basic, jmf_multi_god_temple2,
          nicolae_ossuary_entry_ruins, serial_bayou_pond_d
D:5:      layout_cave_pools
D:6:      layout_loops_cross, minmay_temple_entry_offerings, uniq_maggie
D:7:      minmay_the_grid_octo_2x2 [minmay_the_grid_octo_empty,
          minmay_the_grid_octo_vomiting_pacman, minmay_the_grid_octo_checkered,
          minmay_the_grid_octo_prize_ultimate_mussel_roller], layout_rooms,
          serial_shops, nicolae_shop_stone, uniq_crazy_yiuf_cottage
D:8:      cheibrodos_helix_gallery, layout_cave_pools,
          grunt_dithmenos_smoke_and_mirrors, due_lair_maze_entry_diamond,
          enter_bailey_4, lightli_orcish_oven
Lair:1:   layout_long_grid, uniq_sonja, uniq_amaemon

Skill      XL: |  1  2  3  4  5  6  7  8  9 10 11 |
---------------+----------------------------------+-----
Fire Magic     | 3 4 |  4.0
Spellcasting   | 2 3 5 6 |  6.0
Fighting       | 5 8 11 | 11.0
Polearms       | 5 10 13 14 | 14.0
Dodging        | 4 |  4.8

Action                   |  1- 3 |  4- 6 |  7- 9 | 10-12 || total
-------------------------+-------+-------+-------+-------++-------
Melee: Spear             |   116 |   141 |    50 |       ||   307
       Punch             |       |     1 |     2 |     1 ||     4
       Kick              |       |       |    36 |     7 ||    43
       Trident           |       |       |   105 |   137 ||   242
       Headbutt          |       |       |    14 |     3 ||    17
       Bardiche          |       |       |       |    81 ||    81
 Cast: Scorch            |     5 |    33 |   124 |    34 ||   196
Invok: Fiery Armour      |       |     1 |     1 |     1 ||     3
       Foxfire Swarm     |       |       |       |     4 ||     4
Evoke: Wand              |       |       |       |     1 ||     1
  Use: Scroll            |       |     1 |       |    21 ||    22
       Potion            |       |       |    11 |    10 ||    21
 Stab: Sleeping          |       |       |     1 |       ||     1
Armor: Robe              |    37 |    54 |    22 |       ||   113
       Steam dragon scal |       |       |    55 |     1 ||    56
       Acid dragon scale |       |       |       |    63 ||    63
Dodge: Dodged            |    47 |    61 |   121 |   101 ||   330

Table legend: (Time is in decaauts)
 A = Elapsed time spent in this place.
 B = Non-inter-level travel time spent in this place.
 C = Inter-level travel time spent in this place.
 D = Time resting spent in this place.
 E = Time spent auto-exploring this place.
 F = Levels seen in this place.
 G = Mean time per level.
                   A        B        C        D        E       F      G
               +--------+--------+--------+--------+--------+-----+--------+
         Total |  13804 |  13594 |    210 |   3304 |   8333 |  11 | 1254.9 |
       Dungeon |  11135 |  10925 |    210 |   1931 |   7482 |   8 | 1391.9 |
          Lair |    594 |    594 |      0 |      0 |    485 |   1 |  594.0 |
       Ossuary |    442 |    442 |      0 |      0 |    284 |   1 |  442.0 |
        Bailey |   1631 |   1631 |      0 |   1373 |     82 |   1 | 1631.0 |
               +--------+--------+--------+--------+--------+-----+--------+

Top non-repeatable levels by time:
     D:6: 2864 daAuts
     D:8: 1902 daAuts
  Bailey: 1631 daAuts
     D:4: 1562 daAuts
     D:7: 1438 daAuts
     D:2: 1127 daAuts
     D:5: 803 daAuts
     D:1: 760 daAuts
     D:3: 676 daAuts
  Lair:1: 594 daAuts
 Ossuary: 442 daAuts
